 Dungeon Crawl Stone Soup version 0.28-a0-845-gfc338a8e3c (webtiles) character file.

Game seed: 18133603009035336390

640 ryw the Caller (level 7, 0/37 HPs)
             Began as a Deep Elf Summoner on Nov 12, 2021.
             Slain by a gnoll (6 damage)
             ... on level 3 of the Dungeon.
             The game lasted 00:16:54 (5566 turns).

ryw the Caller (Deep Elf Summoner)                  Turns: 5566, Time: 00:16:55

Health: 0/37       AC:  4    Str:  5    XL:     7   Next: 26%
Magic:  10/16      EV: 14    Int: 22    God:
Gold:   1174       SH:  0    Dex: 21    Spells: 2/15 levels left

rFire   . . .      SeeInvis .   n - +1 short sword (drain)
rCold   . . .      Faith    .   (no shield)
rNeg    . . .      Spirit   .   a - +0 robe
rPois   .          Reflect  .   (no helmet)
rElec   .          Harm     .   g - +1 cloak
rCorr   .          Rampage  .   (no gloves)
Will    .....                   (no boots)
Stlth   +++.......              (no amulet)
HPRegen 0.12/turn               l - +6 ring of dexterity
MPRegen 0.15/turn               (no ring)

@: about to teleport, very slightly contaminated
A: no striking features
a: no special abilities


You were on level 3 of the Dungeon.
You visited 1 branch of the dungeon, and saw 5 of its levels.

You collected 1174 gold pieces.

Inventory:

Hand Weapons
 n - a +1 short sword of draining (weapon)
Armour
 a - a +0 robe (worn)
 g - a +1 cloak (worn)
Jewellery
 l - a +6 ring of dexterity (left hand)
Scrolls
 f - 3 scrolls of identify
Potions
 b - a potion of lignification
 c - a potion of might
 k - a potion of flight {unknown}


   Skills:
 + Level 0.4 Fighting
 - Level 1.0 Short Blades
 + Level 4.0 Dodging
 + Level 4.3 Stealth
 + Level 4.7 Spellcasting
 + Level 0.0 Hexes
 * Level 7.8 Summonings
 + Level 0.8 Air Magic


You had 2 spell levels left.
You knew the following spells:

 Your Spells              Type           Power      Damage    Failure   Level
a - Summon Small Mammal   Summ           100%       N/A       1%          1
b - Call Imp              Summ           39%        N/A       1%          2
c - Call Canine Familiar  Summ           39%        N/A       1%          3
d - Summon Lightning Spi  Summ/Air       24%        N/A       17%         4
e - Confusing Touch       Hex            5%         N/A       30%         3

Your spell library contained the following spells:

 Spells                   Type           Power      Damage    Failure   Level
 Animate Skeleton         Necr           10%        N/A       11%         1
 Pain                     Necr           20%        1d5       11%         1
 Slow                     Hex            20%        N/A       11%         1
 Sting                    Tmut/Pois      20%        1d4       11%         1
 Poisonous Vapours        Pois/Air       12%        N/A       13%         2
 Summon Guardian Golem    Hex/Summ       22%        N/A       6%          3
 Vampiric Draining        Necr           5%         2d6       30%         3
 Olgreb's Toxic Radiance  Pois           5%         N/A       71%         4


Dungeon Overview and Level Annotations

Branches:
Dungeon (5/15)
 Temple: D:4-7

Altars:
Cheibriados


Message History

This is a scroll of acquirement!
Something appears at your feet!
You now have 1174 gold pieces (gained 1006).
There is a stone staircase leading down here.
Done exploring.
Welcome back, ryw the Deep Elf Summoner.
Press ? for a list of commands and other information.
This spell is quite dangerous to cast!
Memorise Confusing Touch, consuming 3 spell levels and leaving 2?
You start memorising the spell.
You continue memorising. x3
You finish memorising.
Spell assigned to 'e'.
Unknown command.
You climb downwards.
The gnoll hits you with a +0 flail!
There is a stone staircase leading up here.
Cast which spell? (? or * to list)
The gnoll hits you with a +0 flail!
Casting: Summon Small Mammal (safe; 1% risk of failure)
Confirm with . or Enter, or press ? or * to list all spells.
Your bat hits the gnoll but does no damage.
Your bat barely misses the gnoll.
The gnoll barely misses you.
Your bat hits the gnoll but does no damage.
The gnoll hits you with a +0 flail.
Your hound bites the gnoll but does no damage.
You climb upwards.
There is a stone staircase leading down here.
Casting: Call Canine Familiar (safe; 1% risk of failure)
Confirm with . or Enter, or press ? or * to list all spells.
You miscast Call Canine Familiar.
You are very lightly contaminated with residual magic.
Nothing appears to happen.
The gnoll hits you with a +0 flail!
* * * LOW HITPOINT WARNING * * *
Unknown command.
Unknown command.
Casting: Call Canine Familiar (safe; 1% risk of failure)
Confirm with . or Enter, or press ? or * to list all spells.
Okay, then.
Unknown command.
As you read the scroll of teleportation, it crumbles to dust.
You feel strangely unstable. The gnoll hits you with a +0 flail.
You die...

..#.#.# #.#.##.# ##(##
.##.#.# #...##.# #.#
.##.#.# #..###.# #.#
....#.# #..###.#######.##
......#
#..........##...##
.######
#..........#.....# .#
#......##..##...## .#
#...##>##..###.##########
.#
##..>..g@................
##
##.#####.####.##########
#.#####.# #.# #.......#
#.# #############.#
#...##........# ###
###.#.##.######.# #..
#...#....#### #.# #.#
#.#####.....# #.# #.#


You could see a gnoll.

Vanquished Creatures
  2 scorpions (D:4)
  2 adders
  3 ball pythons
  An endoplasm (D:2)
  A giant cockroach (D:2)
  3 hobgoblins
  2 quokkas
  2 bats (D:2)
  A frilled lizard (D:2)
  2 kobolds
19 creatures vanquished.

Vanquished Creatures (collateral kills)
  A scorpion (D:2)
  A water moccasin skeleton (D:3)
  2 howler monkeys (D:5)
  A bullfrog zombie (D:5)
  2 hounds
  A bullfrog skeleton (D:2)
  A jelly (D:5)
  An orc wizard (D:4)
  4 gnolls (D:4)
  3 adders
  2 ufetubi
  An adder skeleton (D:2)
  A worm (D:3)
  3 dart slugs (D:1)
  8 orcs (D:4)
  4 endoplasms
  2 hobgoblins (D:1)
  6 jackals
  A quokka (D:2)
  A ball python (D:1)
  2 bats
  2 frilled lizards (D:1)
  2 goblins (D:1)
  A jackal skeleton (D:4)
  6 kobolds
  2 rats (D:1)
61 creatures vanquished.

Vanquished Creatures (others)
  11 demonic plants (D:1)
  2 fungi (D:1)
  A plant (D:1)
  3 withered plants (D:1)
17 creatures vanquished.

Grand Total: 97 creatures vanquished

Notes
Turn   | Place    | Note
-------+----------+-------------------------------------------
     0 | D:1      | ryw the Deep Elf Summoner began the quest for the Orb.
     0 | D:1      | Reached XP level 1. HP: 10/10 MP: 6/6
   366 | D:1      | Reached XP level 2. HP: 9/15 MP: 6/8
   375 | D:1      | Learned a level 2 spell: Call Imp
   524 | D:1      | Reached skill level 5 in Summonings
   851 | D:1      | Found a faded altar of an unknown god.
  1356 | D:1      | Reached XP level 3. HP: 19/19 MP: 5/9
  1360 | D:1      | Learned a level 3 spell: Call Canine Familiar
  1650 | D:2      | Noticed a scorpion
  1694 | D:2      | Killed a scorpion
  1695 | D:2      | Reached skill level 6 in Summonings
  1695 | D:2      | Reached XP level 4. HP: 5/24 MP: 1/10
  1780 | D:2      | Upgraded the game from 0.28-a0-834-g1a73be5ee4 to
                  | 0.28-a0-845-gfc338a8e3c
  2203 | D:2      | Found a snail-covered altar of Cheibriados.
  2832 | D:2      | Reached skill level 7 in Summonings
  2846 | D:2      | Reached XP level 5. HP: 15/28 MP: 7/11
  2854 | D:2      | Learned a level 4 spell: Summon Lightning Spire
  3723 | D:3      | You fall into a shaft and drop 2 floors!
  3723 | D:5      | Entered Level 5 of the Dungeon
  3786 | D:5      | Reached skill level 1 in Short Blades
  3791 | D:5      | Reached XP level 6. HP: 28/32 MP: 2/13
  4638 | D:4      | HP: 1/48 [poisoned by a scorpion]
  4977 | D:4      | Reached XP level 7. HP: 36/36 MP: 8/15
  5549 | D:3      | Identified a scroll of acquirement
  5549 | D:3      | Acquired 1006 gold pieces
  5555 | D:3      | Learned a level 3 spell: Confusing Touch
  5566 | D:3      | Slain by a gnoll

Illustrated notes

Levels and vault maps discovered:
D:1:      zaba_arrival_water, layout_basic, shapermc_ecumenical_altar_gd,
          kennysheep_boxes
D:2:      layout_basic, basic_altar, hangedman_feature_mirror
D:3:      layout_loops_corners
D:4:      layout_layer_cave, okawaru_metal_pillars_1_2, ebering_ghost_sewer_f,
          hex_large
D:5:      layout_rooms

Skill      XL: |  1  2  3  4  5  6  7 |
---------------+----------------------+-----
Summonings     | 5 6 7 |  7.8
Short Blades   | 1 |  1.0
Dodging        | 3 4 |  4.0
Stealth        | 3 4 |  4.3
Spellcasting   | 4 |  4.7
Fighting       | |  0.4
Air Magic      | |  0.8

Action                   |  1- 3 |  4- 6 |  7- 9 || total
-------------------------+-------+-------+-------++-------
Melee: Unarmed           |     5 |       |       ||     5
       Short sword       |    14 |    73 |    12 ||    99
 Cast: Summon Small Mamm |    35 |    11 |     7 ||    53
       Call Imp          |    12 |     9 |     2 ||    23
       Call Canine Famil |     1 |    15 |     3 ||    19
  Use: Scroll            |       |     4 |     2 ||     6
       Potion            |       |     3 |       ||     3
 Stab: Sleeping          |     2 |     5 |       ||     7
       Distracted        |       |     1 |     1 ||     2
Armor: Robe              |     5 |    14 |     5 ||    24
Dodge: Dodged            |    20 |    63 |     6 ||    89

Table legend: (Time is in decaauts)
 A = Elapsed time spent in this place.
 B = Non-inter-level travel time spent in this place.
 C = Inter-level travel time spent in this place.
 D = Time resting spent in this place.
 E = Time spent auto-exploring this place.
 F = Levels seen in this place.
 G = Mean time per level.
                   A        B        C        D        E       F      G
               +--------+--------+--------+--------+--------+-----+--------+
         Total |   5602 |   5542 |     60 |   1182 |   3509 |   5 | 1120.4 |
       Dungeon |   5602 |   5542 |     60 |   1182 |   3509 |   5 | 1120.4 |
               +--------+--------+--------+--------+--------+-----+--------+

Top non-repeatable levels by time:
     D:1: 1578 daAuts
     D:3: 1531 daAuts
     D:2: 1509 daAuts
     D:4: 693 daAuts
     D:5: 290 daAuts
